 Dungeon Crawl Stone Soup version 0.24-a0-493-g7e4ddcd485 (webtiles) character file.

Game seed: 3503690572980944221

242 Azzok the Firebug (level 5, -1/35 HPs)
             Began as a Demonspawn Fire Elementalist on July 12, 2019.
             Slain by Natasha (5 damage)
             ... on level 4 of the Dungeon.
             The game lasted 00:04:34 (3271 turns).

Azzok the Firebug (Demonspawn Fire Elementalist)    Turns: 3271, Time: 00:04:35

Health: -1/35      AC:  4    Str:  5    XL:     5   Next: 82%
Magic:  0/10       EV: 12    Int: 17    God:
Gold:   117        SH:  0    Dex: 13    Spells: 3/11 levels left

rFire    . . .     SeeInvis .   h - staff of poison
rCold    . . .     Gourm    +   (no shield)
rNeg     . . .     Faith    .   a - +0 robe
rPois    +         Spirit   +   t - +0 helmet
rElec    .         Reflect  .   j - scarf {cloud immunity}
rCorr    .         Harm     .   (no gloves)
MR       .....                  u - +0 pair of boots
Stlth    ++........             e - amulet of the gourmand
HPRegen  0.11/turn              k - -4 ring of strength (curse)
MPRegen  0.24/turn              (no ring)

@: lethally poisoned (-1 -> -7), very slightly contaminated
A: claws 1, magic shield, magic regeneration
a: no special abilities


You were on level 4 of the Dungeon.
You were completely stuffed.

You visited 1 branch of the dungeon, and saw 4 of its levels.

You collected 117 gold pieces.

Inventory:

Armour
 a - a +0 robe (worn)
 j - a scarf of cloud immunity (worn)
 t - a +0 helmet (worn)
 u - a +0 pair of boots (worn)
Magical Staves
 h - an uncursed staff of poison (weapon)
Jewellery
 e - an amulet of the gourmand (around neck)
 k - a cursed -4 ring of strength (left claw)
Scrolls
 b - 7 scrolls of identify {unknown}
 f - 2 scrolls of blinking {unknown}
 o - 2 scrolls of remove curse {unknown}
 q - a scroll of magic mapping {unknown}
 r - a scroll of teleportation {unknown}
 s - a scroll of enchant weapon {unknown}
Potions
 d - a potion of magic
 g - a potion of curing {unknown}
 i - 2 potions of agility {unknown}
 l - a potion of flight {unknown}
 m - 2 potions of heal wounds {unknown}
 n - 2 potions of ambrosia {unknown}
 p - a potion of brilliance {unknown}
 v - a potion of haste {unknown}
Comestibles
 c - 2 rations
 w - 4 chunks of flesh


   Skills:
 - Level 1.7 Dodging
 - Level 1.7 Stealth
 + Level 3.6 Spellcasting
 + Level 3.4 Conjurations
 + Level 4.0 Fire Magic


You had 3 spell levels left.
You knew the following spells:

 Your Spells              Type           Power        Failure   Level  Hunger
a - Flame Tongue          Conj/Fire      ###..        3%          1    None
b - Conjure Flame         Conj/Fire      ###.....     11%         3    ###....
c - Sticky Flame          Conj/Fire      ###.....     34%         4    ####...

Your spell library contained the following spells:

 Spells                   Type           Power        Failure   Level  Hunger
 Throw Flame              Conj/Fire      ###...       5%          2    ##.....
 Animate Skeleton         Necr           N/A          17%         1    None
 Apportation              Tloc           #.....       17%         1    None
 Confusing Touch          Hex            #.....       17%         1    None
 Summon Small Mammal      Summ           #...         17%         1    None
 Inner Flame              Hex/Fire       ##......     22%         3    ###....
 Slow                     Hex            #.......     26%         2    ##.....
 Fireball                 Conj/Fire      ###.......   69%         5    ######.


Dungeon Overview and Level Annotations

Branches:
Dungeon (4/15)
 Temple: D:4-7

Altars:
Wu Jian
Xom
Zin

Annotations:
D:3 2 transporters
D:4 Natasha


Innate Abilities, Weirdness & Mutations

You have sharp fingernails.
When hurt, damage is shared between your health and your magic reserves.
You regenerate magic rapidly.


Message History

Casting: Flame Tongue (safe; 3% risk of failure)
Confirm with . or Enter, or press ? or * to list all spells.
Aiming: Sticky Flame (quite dangerous; 34% risk of failure)
Press: ? - help, Shift-Dir - straight line, f - Natasha, p - worker ant
Aim: Natasha The sticky flame hits Natasha.
Natasha is moderately wounded.
Natasha is covered in liquid flames!
Natasha burns!
The worker ant barely misses you. Natasha misses you.
The worker ant bites you but does no damage.
Casting: Sticky Flame (quite dangerous; 34% risk of failure)
Confirm with . or Enter, or press ? or * to list all spells.
You don't have enough magic to cast that spell.
You hit the worker ant but do no damage.
The worker ant is severely wounded.
You feel sick.
Natasha burns!
The worker ant bites you!
* * * LOW MAGIC WARNING * * *;
* * * LOW HITPOINT WARNING * * *
Natasha claws you.
* * * LOW MAGIC WARNING * * *
You die...

▒···[·▒ ▒·▒ ▒·····▒ ▒·▒
▒ ▒·····▒▒▒▒·▒▒▒·▒▒·
▒·····>·······oh··
▒············{····
▒······▒▒▒·▒▒▒▒▒▒· ▒
▒············[)<▒ ·▒
▒▒▒▒▒·····)▒▒▒▒▒▒▒▒▒▒·▒
▒·····5h@aSS······▒
▒······▒▒▒▒▒····▒▒▒▒▒▒
▒······▒ ▒÷·········
▒······▒▒▒▒▒··········
▒▒▒▒▒▒▒▒··············
▒··············
▒······†%·▒▒▒▒▒
▒▒▒▒▒······▒ ········▒


You could see a worker ant, Natasha (burning), a crimson imp, an adder and a
ball python.

Vanquished Creatures
  A hound (D:3)
  Jessica (D:3)
  Natasha (D:4)
  An orc wizard (D:4)
  A worker ant (D:4)
  A hound skeleton (D:4)
  2 adders
  An ooze (D:3)
  3 worms
  2 dart slugs
  3 leopard geckos
  6 orcs
  5 bats (D:1)
  3 giant cockroaches
  4 goblins
  6 hobgoblins
  2 jackals (D:1)
  A quokka (D:3)
  3 frilled lizards
  10 kobolds
  7 rats
64 creatures vanquished.

Notes
Turn   | Place    | Note
-------+----------+-------------------------------------------
     0 | D:1      | Azzok the Demonspawn Fire Elementalist began the quest for
                  | the Orb.
     0 | D:1      | Reached XP level 1. HP: 13/13 MP: 3/3
   140 | D:1      | Gained mutation: When hurt, damage is shared between your
                  | health and your magic reserves. [demonic ancestry]
   140 | D:1      | Reached XP level 2. HP: 19/19 MP: 0/5
   349 | D:1      | Reached skill level 3 in Fire Magic
   896 | D:2      | Found a faded altar of an unknown god.
  1000 | D:2      | You fall into a shaft and drop 1 floor!
  1036 | D:3      | Reached XP level 3. HP: 24/24 MP: 6/6
  1104 | D:3      | Found an ornate altar of the Wu Jian Council.
  1104 | D:3      | Found a transporter.
  1776 | D:2      | Found a shimmering altar of Xom.
  1777 | D:2      | Noticed an angel
  1853 | D:2      | Found a glowing silver altar of Zin.
  2072 | D:3      | Gained mutation: You have sharp fingernails. [demonic
                  | ancestry]
  2072 | D:3      | Reached XP level 4. HP: 30/30 MP: 4/8
  2135 | D:3      | Noticed Jessica
  2141 | D:3      | Killed Jessica
  2186 | D:3      | Identified Jessica's Catalogue of the Oath
  2272 | D:3      | Found a transporter.
  2280 | D:3      | Noticed an ogre
  2440 | D:3      | Learned a level 3 spell: Conjure Flame
  2445 | D:3      | Learned a level 4 spell: Sticky Flame
  3066 | D:4      | Gained mutation: You regenerate magic rapidly. [demonic
                  | ancestry]
  3066 | D:4      | Reached XP level 5. HP: 35/35 MP: 1/9
  3172 | D:4      | Noticed Natasha
  3215 | D:4      | Killed Natasha
  3215 | D:4      | Reached skill level 4 in Fire Magic
  3258 | D:4      | Noticed Natasha
  3271 | D:4      | Slain by Natasha

Levels and vault maps discovered:
D:1:      dpeg_arrival_orchard, layout_rooms
D:2:      layout_rooms, grunt_temple_overflow_order_and_chaos_1,
          chequers_ecumenical_altar_grove
D:3:      layout_basic, gammafunk_temple_overflow_arena,
          chequers_serial_rivers_micro_b, kennysheep_jessica_study
D:4:      layout_basic, first_ration, kennysheep_generic_room_5, uniq_sigmund,
          uniq_natasha

Skill      XL: |  1  2  3  4  5 |
---------------+----------------+-----
Fire Magic     | 3 4 |  4.0
Conjurations   | 2 3 |  3.4
Spellcasting   | 3 |  3.6
Dodging        | |  1.7
Stealth        | |  1.7

Action                   |  1- 3 |  4- 6 || total
-------------------------+-------+-------++-------
Melee: Unarmed           |    37 |       ||    37
       Staff             |    24 |    13 ||    37
 Cast: Flame Tongue      |    68 |    58 ||   126
       Sticky Flame      |       |     3 ||     3
  Use: Potion            |       |     1 ||     1
  Eat: Chunk             |    14 |     6 ||    20
Armor: Robe              |    15 |    11 ||    26
Dodge: Dodged            |    73 |    35 ||   108

Table legend:
 A = Non-vault XP
 B = Vault XP
 C = Vault XP percentage of total XP
 D = Non-vault monster count
 E = Vault monster count
 F = Vault count percentage of total count
                 A         B        C        D         E       F
            +---------+---------+-------+---------+---------+-------
      Total |     273 |      74 |  21.3 |      61 |       3 |   4.7
            +---------+---------+-------+---------+---------+-------
        D:1 |      35 |       0 |   0.0 |      23 |       0 |   0.0
        D:2 |      43 |       0 |   0.0 |      13 |       0 |   0.0
        D:3 |      79 |      39 |  33.1 |      16 |       2 |  11.1
        D:4 |     116 |      35 |  23.2 |       9 |       1 |  10.0
            +---------+---------+-------+---------+---------+-------
